 Dungeon Crawl Stone Soup version 0.20-a0-2-g2b0e13a (webtiles) character file.

200 JustSomeDude the Poker (level 5, -1/41 HPs)
             Began as a Demonspawn Fighter on Oct 27, 2016.
             Slain by an orc wizard
             ... wielding a +0 dagger
              (6 damage)
             ... on level 4 of the Dungeon on Oct 28, 2016.
             The game lasted 00:04:34 (2131 turns).

JustSomeDude the Poker (Demonspawn Fighter)         Turns: 2131, Time: 00:04:34

Health: -1/41      AC:  6    Str: 17    XL:     5   Next: 48%
Magic:  5/5        EV:  7    Int:  9    God:
Gold:   99         SH:  9    Dex: 13    Spells: 0 memorised, 4 levels left

rFire  + . .     SeeInvis .     y - +1 trident (venom)
rCold  . . .     Gourm    .     b - +0 scale mail
rNeg   . . .     Faith    .     c - +0 shield
rPois  .         Spirit   .     (no helmet)
rElec  .         Reflect  .     (no cloak)
rCorr  .         Harm     +     (no gloves)
MR     .....                    (no boots)
Stlth  ..........               l - amulet of harm
                                k - ring of flight
                                x - ring of protection from fire

@: no status effects
A: hooves 2, rot immunity
a: Evoke Flight


You were on level 4 of the Dungeon.
You were not hungry.

You visited 1 branch of the dungeon, and saw 4 of its levels.

You collected 99 gold pieces.

Inventory:

Hand Weapons
 y - a +1 trident of venom (weapon)
Armour
 b - a +0 scale mail (worn)
 c - a +0 shield (worn)
Jewellery
 g - an uncursed ring of see invisible {unknown}
 k - a ring of flight (right hand)
 l - an amulet of harm (around neck)
 q - an uncursed ring of ice
 x - a ring of protection from fire (left hand)
Scrolls
 a - a scroll of noise {unknown}
 e - 5 scrolls of identify {unknown}
 m - 2 scrolls of recharging {unknown}
 u - a scroll of blinking {unknown}
 w - a scroll of random uselessness {unknown}
Potions
 d - a potion of might
 i - a potion of resistance {unknown}
 j - a potion of cure mutation {unknown}
 n - 3 potions of heal wounds {unknown}
 p - 2 potions of magic {unknown}
 r - 3 potions of curing {unknown}
 s - a potion of lignification
 t - a potion of haste {unknown}
 z - 2 potions of brilliance {unknown}
Books
 o - a book of Changes

   Spells                             Type                      Level
   a - Beastly Appendage              Transmutation                1
   b - Sticks to Snakes               Transmutation                2
   c - Spider Form                    Transmutation/Poison         3
   d - Ice Form                       Ice/Transmutation            4
   e - Blade Hands                    Transmutation                5
Comestibles
 f - 3 bread rations
 h - 3 fruits
 v - 2 meat rations
 A - a chunk of flesh


   Skills:
 + Level 3.6 Fighting
 + Level 3.8 Polearms
 + Level 3.3 Armour
 + Level 0.6 Dodging
 + Level 3.2 Shields


You had 4 spell levels left.
You didn't know any spells.

Dungeon Overview and Level Annotations

Branches:
Dungeon (4/15)
 Temple: D:4-7

Altars:
Nemelex Xobeh


Innate Abilities, Weirdness & Mutations

You have hoof-like feet.
You are immune to rotting.


Message History

You hit the orc priest.
You kill the orc priest!
You have reached level 5!
Your demonic ancestry asserts itself...
You feel immune to rotting.
You hit the howler monkey.
The howler monkey is poisoned.
You kick the howler monkey, but do no damage.
The howler monkey is moderately wounded.
The howler monkey closely misses you. The howler monkey hits you.
* * * LOW HITPOINT WARNING * * *
You hit the howler monkey.
The howler monkey looks as sick as possible!
Your kick misses the howler monkey.
The howler monkey is moderately wounded.
The howler monkey hits you but does no damage.
You puncture the howler monkey!
You kill the howler monkey!
You miss something. You kick something. You closely miss something.
You block something's attack. Something hits you.
You die...

....$......#.####.#
#.#
...........#.#...
#.#
.............#.#
#.#
...........o.h.#
#.#
........$..###.#
#.# ...........#
#o# #.#
........h..# #.#
#.# .......o...#
#.##########(#
......o....#
#o)@.........#
.##.########
############## ...
###


You could see an orc.

Vanquished Creatures
  A howler monkey (D:4)
  An orc priest (D:4)
  3 gnolls (D:2)
  2 adders (D:2)
  2 worms (D:2)
  3 dart slugs (D:1)
  2 leopard geckos (D:1)
  3 orcs
  3 giant cockroaches
  5 goblins
  9 hobgoblins
  7 jackals (D:1)
  8 bats
  2 frilled lizards
  10 kobolds
  8 rats
69 creatures vanquished.

Notes
Turn   | Place    | Note
-------+----------+-------------------------------------------
     0 | D:1      | JustSomeDude the Demonspawn Fighter began the quest for the Orb.
     0 | D:1      | Reached XP level 1. HP: 18/18 MP: 1/1
   136 | D:1      | Gained mutation: You have large cloven feet. [demonic ancestry]
   136 | D:1      | Reached XP level 2. HP: 23/24 MP: 2/2
   372 | D:1      | Reached XP level 3. HP: 24/29 MP: 3/3
   785 | D:2      | Gained mutation: You have hoof-like feet. [demonic ancestry]
   785 | D:2      | Reached XP level 4. HP: 5/35 MP: 4/4
  1139 | D:2      | Found a sparkling altar of Nemelex Xobeh.
  1288 | D:2      | Upgraded the game from 0.20-a0 to 0.20-a0-2-g2b0e13a
  2126 | D:4      | Gained mutation: You are immune to rotting. [demonic ancestry]
  2126 | D:4      | Reached XP level 5. HP: 6/41 MP: 5/5
  2131 | D:4      | Slain by an orc wizard

Vault maps used:
D:1:      co_arrival_square_in_a_square_in_a_square, minmay_tetromino_l2
D:2:      nemelex_xobeh_ov_fountains_minmay, first_bread,
          kennysheep_generic_room_15
D:4:      kennysheep_mini, elyvilon_altar_5, gup_sewer_entry_spiral,
          wad_floor_pattern_1

Skill      XL: |  1  2  3 |
---------------+----------+-----
Polearms       | 2 3 |  3.8
Armour         | 3 |  3.3
Shields        | 3 |  3.2
Fighting       | |  3.6
Dodging        | |  0.6

Action                   |  1- 3 |  4- 6 || total
-------------------------+-------+-------++-------
Melee: Trident           |   135 |   100 ||   235
       Kick              |    18 |    19 ||    37
  Use: Potion            |     1 |       ||     1
  Eat: Chunk             |       |     4 ||     4
Armor: Scale mail        |    48 |    26 ||    74
Dodge: Dodged            |    30 |    23 ||    53
Block: Shield            |    45 |    38 ||    83
